 Dungeon Crawl Stone Soup version 0.27-a0-590-g94244163b4 (webtiles) character file.

Game seed: 478020396936173818

361 tilp the Insei (level 6, -13/43 HPs)
             Began as an Octopode Transmuter on Mar 10, 2021.
             Mangled by an ogre
             ... wielding a +0 giant club
              (34 damage)
             ... on level 4 of the Dungeon.
             The game lasted 00:04:35 (4537 turns).

tilp the Insei (Octopode Transmuter)                Turns: 4537, Time: 00:04:35

Health: -13/43     AC:  1    Str: 10    XL:     6   Next: 66%
Magic:  9/9        EV: 13    Int: 17    God:
Gold:   185        SH:  0    Dex: 12    Spells: 6/9 levels left

rFire    . . .     SeeInvis .     - Unarmed
rCold    . . .     Faith    .   (no shield)
rNeg     . . .     Spirit   .   (helmet restricted)
rPois    .         Reflect  .   d - amulet of magic regeneration
rElec    .         Harm     .   (no ring)
rCorr    .         Rampage  .   (no ring)
Will     .....                  (no ring)
Stlth    +++.......             (no ring)
HPRegen  0.14/turn              (no ring)
MPRegen  0.36/turn              (no ring)
                                (no ring)
                                (no ring)

@: wereblooded
A: almost no armour, amphibious, 8 rings, camouflage 1, gelatinous body 1,
nimble swimmer 1, tentacles
a: no special abilities


You were on level 4 of the Dungeon.
You visited 1 branch of the dungeon, and saw 4 of its levels.

You collected 185 gold pieces.

Inventory:

Missiles
 e - 82 stones
 h - 15 poisoned darts (quivered)
Jewellery
 d - an amulet of magic regeneration (around mantle)
Scrolls
 a - 3 scrolls of teleportation
 c - a scroll of fog {unknown}
 g - a scroll of amnesia {unknown}
 i - 2 scrolls of enchant armour {unknown}
 k - a scroll of identify
 m - a scroll of enchant weapon {unknown}
 n - a scroll of blinking {unknown}
Potions
 b - a potion of ambrosia
 f - a potion of flight
 j - a potion of heal wounds
 l - a potion of brilliance


   Skills:
 - Level 4.0 Fighting
 - Level 2.0 Dodging
 - Level 4.0 Stealth
 + Level 5.2 Unarmed Combat
 - Level 2.0 Spellcasting
 - Level 2.0 Transmutations


You had 6 spell levels left.
You knew the following spells:

 Your Spells              Type           Power      Damage    Failure   Level
a - Beastly Appendage     Tmut           16%        N/A       9%          1
b - Wereblood             Tmut           8%         N/A       13%         2

Your spell library contained the following spells:

 Spells                   Type           Power      Damage    Failure   Level
 Spider Form              Tmut/Pois      2%         N/A       36%         3
 Ice Form                 Ice/Tmut       5%         N/A       77%         4
 Blade Hands              Tmut           4%         N/A       93%         5


Dungeon Overview and Level Annotations

Branches:
Dungeon (4/15)
 Temple: D:4-7

Altars:
Qazlal


Innate Abilities, Weirdness & Mutations

You cannot wear most types of armour.
You are amphibious.
You can wear up to eight rings at the same time.
Your skin changes colour to match your surroundings (Stealth+).
Your rubbery body absorbs attacks. (AC +1, EV +1)
You are stealthy while swimming. (Stealth+)
You have tentacles for arms and can constrict up to eight enemies at once.


Message History

Casting: Beastly Appendage (safe; 9% risk of failure)
Confirm with . or Enter, or press ? or * to list all spells.
One of your tentacles grows a vicious spike.
The hound bites you. The hound misses you.
Casting: Beastly Appendage (safe; 9% risk of failure)
Confirm with . or Enter, or press ? or * to list all spells.
Your blood is infused with primal strength.
The hound barely misses you.
You barely miss the hound. You grab the hound. You constrict the hound.
The hound bites you. x2
You bludgeon the hound!
You pierce the hound.
You squeeze the hound.
You kill the hound!
Your transformation is almost over.
You howl as the wereblood boils in your veins!
An ogre is nearby!
You throw a poisoned dart. The poisoned dart hits the ogre.
The ogre is poisoned.
You throw a poisoned dart. The poisoned dart hits the ogre.
The ogre looks even sicker.
An orc wizard comes into view. It is wielding a +0 dagger.
A leopard gecko comes into view.
You barely miss the ogre.
The ogre is lightly wounded.
The ogre barely misses you.
You barely miss the ogre.
The ogre is lightly wounded.
The ogre hits you with a +0 giant club!
The leopard gecko hisses angrily.
You tentacle-slap the ogre.
The ogre is moderately wounded.
Your tentacle spike disappears.
You tentacle-slap the ogre.
The ogre is moderately wounded.
An orc comes into view. It is wielding a +0 flail.
The ogre hits you with a +0 giant club.
You bludgeon the ogre!
Your tentacle-slap misses the ogre.
The ogre is heavily wounded.
The ogre hits you with a +0 giant club!!
Ouch! That really hurt!
You die...

...... ....$.. # #######
#####..o#.#.# #... .
...#...#.#[##. #..# #.
#.#...#...... #..# #..
#.(.....#....
##..####..##.#(.........
...............O........
##..####......l.@######
#..# ##.##.#####
#..#####.##.#
#.†......##.#
#.#########[#
#.).........#
####.....>...#
...<.######### ######


You could see an ogre (poisoned), an orc and a leopard gecko.

Vanquished Creatures
  An ogre (D:4)
  2 hounds
  Natasha (D:4)
  A howler monkey skeleton (D:4)
  9 adders
  An ooze (D:3)
  An adder skeleton (D:4)
  4 dart slugs
  2 leopard geckos
  6 orcs (D:3)
  9 bats
  3 giant cockroaches
  12 goblins
  8 hobgoblins
  6 frilled lizards
  11 kobolds
  8 rats
85 creatures vanquished.

Notes
Turn   | Place    | Note
-------+----------+-------------------------------------------
     0 | D:1      | tilp the Octopode Transmuter began the quest for the Orb.
     0 | D:1      | Reached XP level 1. HP: 13/13 MP: 3/3
    63 | D:1      | Reached skill level 1 in Stealth
   200 | D:1      | Reached XP level 2. HP: 13/18 MP: 5/5
   203 | D:1      | Learned a level 2 spell: Wereblood
   600 | D:1      | Reached XP level 3. HP: 23/23 MP: 6/6
  1756 | D:2      | Reached XP level 4. HP: 29/29 MP: 7/7
  2129 | D:2      | Found a stormy altar of Qazlal.
  2962 | D:3      | Reached XP level 5. HP: 20/35 MP: 8/8
  3148 | D:3      | Reached skill level 4 in Unarmed Combat
  3931 | D:4      | Noticed Natasha
  3942 | D:4      | Killed Natasha
  3943 | D:4      | Reached XP level 6. HP: 19/42 MP: 9/9
  4222 | D:4      | Reached skill level 5 in Unarmed Combat
  4537 | D:4      | Mangled by an ogre

Illustrated notes

Levels and vault maps discovered:
D:1:      lemuel_arrival_tunnels, layout_loops_ring, minmay_circled_x
D:2:      layout_loops_corners, nicolae_overflow_crystal_walls
D:3:      layout_rooms, minmay_diced_spiral
D:4:      layout_loops_ring, nicolae_uskayaw_dance_studio, uniq_ijyb,
          uniq_blork_the_orc, uniq_edmund, uniq_natasha

Skill      XL: |  1  2  3  4  5  6 |
---------------+-------------------+-----
Stealth        | 2 3 4 |  4.0
Fighting       | 2 3 4 |  4.0
Unarmed Combat | 4 5 |  5.2
Dodging        | |  2.0
Spellcasting   | |  2.0
Transmutations | |  2.0

Action                   |  1- 3 |  4- 6 || total
-------------------------+-------+-------++-------
Melee: Unarmed           |    89 |   130 ||   219
       Constrict         |    27 |    32 ||    59
       Punch             |     1 |     1 ||     2
       Tentacles         |     9 |    17 ||    26
       Kick              |     1 |    19 ||    20
Throw: Dart              |     5 |    19 ||    24
 Cast: Beastly Appendage |     5 |    14 ||    19
       Wereblood         |       |     4 ||     4
  Use: Scroll            |     3 |     3 ||     6
 Stab: Sleeping          |     7 |     7 ||    14
Armor: Skin              |     3 |    11 ||    14
Dodge: Dodged            |    51 |    77 ||   128

Table legend: (Time is in decaauts)
 A = Elapsed time spent in this place.
 B = Non-inter-level travel time spent in this place.
 C = Inter-level travel time spent in this place.
 D = Time resting spent in this place.
 E = Time spent auto-exploring this place.
 F = Levels seen in this place.
 G = Mean time per level.
                   A        B        C        D        E       F      G
               +--------+--------+--------+--------+--------+-----+--------+
         Total |   4520 |   4459 |     61 |    740 |   3143 |   4 | 1130.0 |
       Dungeon |   4520 |   4459 |     61 |    740 |   3143 |   4 | 1130.0 |
               +--------+--------+--------+--------+--------+-----+--------+

Top non-repeatable levels by time:
     D:2: 1396 daAuts
     D:1: 1270 daAuts
     D:3: 1229 daAuts
     D:4: 624 daAuts
